 Dungeon Crawl Stone Soup version 0.13.2 (webtiles) character file.

123617 zdzicho121 the Earth Mage (level 16, -5/86 HPs)
             Began as a Gargoyle Earth Elementalist on Jan 2, 2024.
             Was the Champion of Vehumet.
             Slain by a trapdoor spider (12 damage)
             ... on Level 5 of the Spider Nest on Jan 6, 2024.
             The game lasted 02:33:35 (47962 turns).

zdzicho121 the Earth Mage (GrEE)                   Turns: 47962, Time: 02:33:35

HP  -5/86        AC 27     Str 12      XL: 16   Next: 88%
MP   3/37        EV  9     Int 28 (29) God: Vehumet [******]
Gold 1034        SH 13     Dex 14      Spells:  9 memorised,  4 levels left

Res.Fire  : . . .   See Invis. : .   f - staff of earth
Res.Cold  : . . .   Warding    : .   K - +0 ring mail "Bounnuvo" {Dex+4 Int+2}
Life Prot.: + . .   Conserve   : .   P - +2 orc buckler
Res.Poison: +       Res.Corr.  : .   m - +2 helmet
Res.Elec. : +       Clarity    : .   q - +1 cloak
Sust.Abil.: . .     Spirit.Shd : .   o - +2 pair of gloves
Res.Mut.  : .       Stasis     : .   M - +0 pair of boots
Res.Rott. : +       Flight     : +   (no amulet)
Saprovore : . . .                    b - +4 ring of intelligence
                                     D - ring of protection from magic

@: flying, quite resistant to hostile enchantments, fairly stealthy
A: large and strong wings, fangs 1, talons 2, life protection 1, electricity
resistance, slow metabolism 1, unbreathing, petrification resistance, AC +11
a: Stop Flying, Renounce Religion


You were on level 5 of the Spider Nest.
You worshipped Vehumet.
Vehumet was exalted by your worship.
You were not hungry.

You visited 5 branches of the dungeon, and saw 32 of its levels.
You visited 1 bazaar.

You collected 2507 gold pieces.
You spent 1493 gold pieces at shops.

Inventory:

Armour
 m - a +2 helmet (worn)
 o - a +2 pair of gloves (worn)
 q - a +1 cloak (worn)
 A - a +2 orcish robe of magic resistance
 K - the +0 ring mail "Bounnuvo" (worn) {Dex+4 Int+2}
   (You found it on level 9 of the Dungeon)

   It affects your intelligence (+2).
   It affects your dexterity (+4).
 M - a +0 pair of boots (worn)
 P - a +2 orcish buckler (worn)
Magical devices
 a - a wand of digging (4)
 j - a wand of heal wounds (7)
 l - a wand of teleportation (4)
Comestibles
 L - 2 meat rations
 S - a bread ration
Scrolls
 d - 3 scrolls of remove curse
 e - 2 scrolls of teleportation
 g - 2 scrolls of enchant armour
 i - a scroll of vulnerability {unknown}
 p - 2 scrolls of amnesia
 r - 2 scrolls of blinking
 s - a scroll of fear
 v - 5 scrolls of recharging
 x - 4 scrolls of magic mapping
 B - 5 scrolls of identify
 E - 2 scrolls of immolation
 H - 2 scrolls of fog
Jewellery
 b - a +4 ring of intelligence (right hand)
 t - the ring "Bloed" {Fire Int+3 Acc-2}
   (You found it on level 4 of the Dungeon)

   [ring of fire]

   It affects your intelligence (+3).
   It affects your accuracy (-2).
 w - an uncursed ring of fire
 y - a cursed ring of teleportation
 C - an uncursed ring of positive energy
 D - a ring of protection from magic (left hand)
 F - an uncursed ring of protection from fire
 I - an uncursed ring of protection from cold
Potions
 c - a potion of agility
 h - 3 potions of restore abilities
 k - a potion of speed
 n - 3 potions of heal wounds
 u - 3 potions of resistance
 z - 2 potions of brilliance
 J - 2 potions of strong poison {unknown}
 N - 8 potions of curing
 O - 3 potions of cure mutation
 T - 2 potions of slowing {unknown}
Books
 G - a book of the Earth

   Spells                             Type                      Level
   Dig                                Earth                        4
   Leda's Liquefaction                Hexes/Earth                  4
   Bolt of Magma                      Conjuration/Fire/Earth       5
   Statue Form                        Transmutation/Earth          6
   *Iron Shot                         Conjuration/Earth            6
   *Shatter                           Earth                        9
 Q - a book of the Warp

   Spells                             Type                      Level
   Recall                             Summoning/Translocation      3
   Control Teleport                   Charms/Translocation         4
   Phase Shift                        Translocation                5
   Warp Weapon                        Charms/Translocation         5
   Dispersal                          Translocation                6
   Controlled Blink                   Translocation                7
   Disjunction                        Translocation                8
Magical staves
 f - an uncursed staff of earth (weapon)


   Skills:
 - Level 6.4 Fighting
 + Level 2.7 Staves
 - Level 5.0 Armour
 - Level 3.6 Dodging
 - Level 4.1 Stealth
 - Level 5.0 Shields
 - Level 15.6 Spellcasting
 - Level 12.1 Conjurations
 - Level 2.0 Charms
 - Level 2.0 Necromancy
   Level 0.7 Transmutations
 + Level 20.2 Earth Magic
 - Level 3.1 Evocations


You had 4 spell levels left.
You knew the following spells:

 Your Spells              Type           Power        Failure   Level  Hunger
a - Sandblast             Erth           ######       0%          1    None
b - Stone Arrow           Conj/Erth      ######       0%          3    None
c - Lee's Rapid Deconstr  Erth           ########..   1%          5    None
d - Iskenderun's Mystic   Conj           ######..     1%          4    None
e - Iron Shot             Conj/Erth      ########..   1%          6    ###....
f - Regeneration          Chrm/Necr      ####......   6%          3    None
g - Condensation Shield   Ice            ###.......   34%         4    None
h - Orb of Destruction    Conj           ######....   4%          7    #####..
i - Shatter               Erth           ########..   21%         9    #######


Dungeon Overview and Level Annotations

Branches:
Dungeon (14/27)            Temple (1/1) D:7             Orc (4/4) D:8
    Elf (0/3) Orc:4          Lair (8/8) D:11          Swamp (0/5) Lair:4
 Spider (5/5) Lair:4        Slime (0/6) Lair:7

Altars:
Ashenzari
Cheibriados
Elyvilon
Fedhas
Kikubaaqudgha
Makhleb
Nemelex Xobeh
Okawaru
Sif Muna
Trog
Vehumet
Xom
Yredelemnul
Zin
the Shining One
Beogh
Jiyva

Shops:
D:13 *   Orc:1 ?   Orc:4 ??(*

Annotations:
D:13 zdzicho121's ghost, powerful MiFi


Innate Abilities, Weirdness & Mutations

You are resistant to torment.
You are immune to poison.
You can fly continuously.
Your stone body is very resilient (AC +11).
Your wings are large and strong.
You have very sharp teeth.
You have razor-sharp toenails.
You resist negative energy.
You are resistant to electric shocks.
You have a slow metabolism.
You can survive without breathing.
You are immune to petrification.


Message History

The trapdoor spider closely misses you.
You hit the trapdoor spider but do no damage.
You crush the trapdoor spider!
The trapdoor spider is severely wounded.
The trapdoor spider bites you but does no damage.
You hit the trapdoor spider.
The trapdoor spider is severely wounded.
The trapdoor spider bites you.
* * * LOW HITPOINT WARNING * * *
You barely miss the trapdoor spider.
The trapdoor spider is severely wounded.
The trapdoor spider bites you but does no damage.
You block the trapdoor spider's attack.
You barely miss the trapdoor spider.
You bite the trapdoor spider, but do no damage.
The trapdoor spider is severely wounded.
The trapdoor spider bites you!
* * * LOW HITPOINT WARNING * * *
The trapdoor spider bites you!
You die...

#^### #..^.... ##^..### #.#^^^#^
###.#..#^#####..##.^#
##.^^^..^.##....#.^.^.
###^##..#..^^##^#.^##..#
#<..^.^<#..^.#.#...^.#..
###^.##^#.^...#..^##.^...^
###^.#....^.s#....#^..^#...#
#^.#.^^.##.@.^#.^.^..^.^..#.
#.^.^##^.^.#....#.^#..#^^^#^
###^#^^.#^#.^#^^^#.^.#...#.^.
##^#.^..#..^^^^..#..^..#.^^.#^
###^...^.##.##^^^....##...^.#.#.
#^##....^#...#^##..^%^...#...#..
##..#^#........^^#^#^#^....#^^^.#
.^....#...^.#...#......^^^....^..
.##.#.^##.#^..#.^.#.#^.(#......^#


You could see a trapdoor spider.

Vanquished Creatures
  Nikola (Spider:1)
  Arachne (Spider:2)
  Roxanne (Spider:2)
  Donald (Orc:3)
  An orc warlord (Orc:4)
  A dragon (Lair:8)
  Harold (Lair:4)
  Josephine (Orc:4)
  8 hydras
  Nessos (D:11)
  Erica (Orc:4)
  8 death yaks
  Urug (Orc:1)
  3 orc high priests (Orc:4)
  A centaur warrior (D:13)
  2 unseen horrors
  5 orc knights
  A lindwurm (Lair:7)
  Joseph (Orc:1)
  4 hill giants
  A flaming corpse (D:10)
  2 griffons
  4 red wasps
  5 elephants (Lair:7)
  37 wolf spiders
  4 black mambas
  An oklob plant (Lair:1)
  5 orc sorcerers
  A deep elf summoner (Orc:4)
  Maurice (Orc:4)
  An item mimic (Orc:4)
  12 spiny frogs
  3 fire drakes
  9 demonic crawlers
  A feature mimic (D:11)
  2 trolls (D:9)
  8 orb spiders
  2 burning bushes (D:10)
  10 komodo dragons
  6 polar bears (Lair:8)
  3 fire vortices (D:10)
  A catoblepas zombie (D:11)
  30 jumping spiders
  Prince Ribbit (D:4)
  2 boulder beetles (Spider:2)
  13 blink frogs
  4 slime creatures (D:12)
  11 grizzly bears (Lair:8)
  24 trapdoor spiders
  2 shadows (D:11)
  25 tarantellas
  3 wyverns
  A griffon skeleton (D:11)
  41 redbacks
  A hill giant zombie (D:9)
  24 yaks
  3 basilisks (Lair:8)
  4 ugly things (D:13)
  3 vampire mosquitoes (D:13)
  4 steam dragons
  11 hippogriffs
  A hungry ghost (D:13)
  3 manticores
  A necrophage (D:11)
  2 gargoyles (D:13)
  3 wolves (Lair:6)
  10 porcupines
  4 black bears (Lair:8)
  2 ice beasts
  A mottled dragon (Lair:8)
  20 orc warriors
  2 sky beasts
  8 ogres
  A swamp drake (Lair:8)
  5 boring beetles
  A phantom (D:11)
  8 centaurs
  2 big kobolds
  5 wargs
  15 crocodiles
  Duvessa (Orc:1)
  13 giant frogs
  14 water moccasins
  4 giant slugs
  A yaktaur zombie (D:13)
  A rotting devil (Orc:4)
  Blork the orc (D:5)
  5 agate snails
  A brain worm (D:12)
  34 killer bees
  A cyclops skeleton (D:11)
  A troll zombie (D:8)
  A hippogriff zombie (D:9)
  A hippogriff skeleton (D:6)
  A troll skeleton (D:9)
  A yak skeleton (D:12)
  4 fire bats (D:10)
  11 crimson imps
  3 electric eels (Spider:1)
  5 wights (D:9)
  Dowan (Orc:1)
  45 spiders
  A centaur zombie (D:10)
  5 jellies
  4 quasits
  4 goliath beetles
  A giant frog skeleton (D:7)
  23 orc priests
  8 hounds
  A warg zombie (Orc:4)
  6 scorpions
  11 worker ants
  29 orc wizards
  14 iguanas
  27 sheep
  A big kobold zombie (D:4)
  An ogre skeleton (D:6)
  A big kobold skeleton (D:10)
  A mummy (D:10)
  8 gnolls
  18 adders
  3 giant centipedes
  3 giant mites
  76 green rats
  2 inept feature mimics
  7 worms
  2 adder zombies
  An adder skeleton (D:7)
  2 giant eyeballs
  7 giant geckos
  3 oozes
  166 orcs
  27 bats
  5 giant cockroaches
  25 hobgoblins
  35 jackals
  20 kobolds
  16 quokkas
  4 ball pythons
  3 giant newts
  A giant spore (D:11)
  16 goblins
  3 orc simulacra (Orc:4)
  5 orc skeletons
  5 orc zombies
  29 rats
  15 ballistomycetes
  A plant (Lair:8)
1260 creatures vanquished.

Vanquished Creatures (others)
  A wolf spider (Spider:1)
  A queen bee (Lair:5)
  A jumping spider (Spider:1)
  9 killer bees (Lair:5)
  An orc wizard (Orc:4)
  An orc (Orc:3)
  A quokka (Lair:4)
  2 giant spores
  5 fungi
  9 plants
31 creatures vanquished.

Grand Total: 1291 creatures vanquished

Notes
Turn   | Place    | Note
--------------------------------------------------------------
     0 | D:1      | zdzicho121, the Gargoyle Earth Elementalist, began the quest for the Orb.
     0 | D:1      | Reached XP level 1. HP: 10/10 MP: 3/3
   238 | D:1      | Reached skill level 4 in Earth Magic
   238 | D:1      | Reached XP level 2. HP: 15/15 MP: 0/4
  1134 | D:1      | Reached XP level 3. HP: 17/19 MP: 0/6
  1930 | D:2      | Reached XP level 4. HP: 21/24 MP: 6/8
  2040 | D:2      | Found a blossoming altar of Fedhas.
  2724 | D:3      | Reached skill level 5 in Earth Magic
  2797 | D:3      | Reached XP level 5. HP: 28/28 MP: 6/10
  3302 | D:4      | Noticed Prince Ribbit
  3317 | D:4      | Killed Prince Ribbit
  3317 | D:4      | Reached skill level 6 in Earth Magic
  3317 | D:4      | Reached XP level 6. HP: 32/32 MP: 4/13
  3439 | D:4      | Got a wavering glass ring
  3608 | D:4      | Reached XP level 7. HP: 36/36 MP: 10/16
  4260 | D:4      | Paralysed by a giant eyeball for 3 turns
  4405 | D:4      | Identified the ring "Bloed" {Fire Int+3 Acc-2} (You found it on level 4 of the Dungeon)
  4422 | D:5      | Entered Level 5 of the Dungeon
  4825 | D:5      | Learned a level 3 spell: Stone Arrow
  4831 | D:5      | Learned a level 5 spell: Lee's Rapid Deconstruction
  4866 | D:5      | Noticed Blork the orc
  4900 | D:5      | Killed Blork the orc
  4900 | D:5      | Reached skill level 5 in Spellcasting
  4900 | D:5      | Reached skill level 7 in Earth Magic
  5029 | D:5      | Reached XP level 8. HP: 41/41 MP: 10/19
  6620 | D:6      | Reached skill level 1 in Conjurations
  7261 | D:7      | Reached skill level 8 in Earth Magic
  7334 | D:7      | Found a staircase to the Ecumenical Temple.
  7347 | Temple   | Entered the Ecumenical Temple
  7490 | Temple   | Became a worshipper of Vehumet
  7929 | D:7      | Reached XP level 9. HP: 40/45 MP: 12/22
  8743 | D:8      | Reached skill level 9 in Earth Magic
  8981 | D:8      | Found a staircase to the Orcish Mines.
  9448 | D:8      | Acquired Vehumet's first power
  9448 | D:8      | Offered knowledge of Sting by Vehumet.
 10017 | D:9      | Got a pitted ring mail
 10132 | D:9      | Identified the +0 ring mail "Bounnuvo" {Dex+4 Int+2} (You found it on level 9 of the Dungeon)
 10447 | D:9      | Reached skill level 10 in Earth Magic
 10483 | D:9      | Reached skill level 1 in Armour
 10622 | D:9      | Reached XP level 10. HP: 34/50 MP: 7/25
 11083 | D:10     | Entered Level 10 of the Dungeon
 11695 | D:10     | Offered knowledge of Throw Flame by Vehumet.
 11961 | D:10     | Reached skill level 11 in Earth Magic
 12209 | D:10     | Noticed a flaming corpse
 12332 | D:10     | Reached skill level 5 in Conjurations
 12501 | D:10     | Found a roughly hewn altar of Beogh.
 12505 | D:10     | Offered knowledge of Inner Flame by Vehumet.
 12515 | D:10     | Acquired Vehumet's second power
 12573 | D:10     | Paralysed by a giant eyeball for 2 turns
 12774 | D:10     | Reached XP level 11. HP: 47/54 MP: 21/28
 12777 | D:10     | Reached skill level 10 in Spellcasting
 12786 | D:10     | Learned a level 4 spell: Iskenderun's Mystic Blast
 12922 | D:10     | Killed a flaming corpse
 12922 | D:10     | Reached skill level 12 in Earth Magic
 13056 | D:10     | Offered knowledge of Olgreb's Toxic Radiance by Vehumet.
 13691 | D:11     | Found a staircase to the Lair.
 13935 | D:11     | Found a staircase to the Orcish Mines.
 13936 | D:11     | Noticed Nessos
 13944 | D:11     | Acquired Vehumet's third power
 13952 | D:11     | Killed Nessos
 14165 | D:11     | the staircase to the Orcish Mines was a mimic.
 14377 | D:11     | Reached skill level 1 in Fighting
 14478 | D:11     | Noticed a hill giant
 14702 | D:11     | Killed an unseen horror
 14858 | D:11     | Offered knowledge of Force Lance by Vehumet.
 14910 | D:11     | Learned a level 6 spell: Iron Shot
 14927 | D:11     | Noticed a hill giant
 14949 | D:11     | Killed a hill giant
 15317 | D:11     | Killed a hill giant
 15433 | Lair:1   | Entered Level 1 of the Lair of Beasts
 15447 | Lair:1   | Reached skill level 13 in Earth Magic
 15636 | Lair:1   | Got a shimmering short sword
 15637 | Lair:1   | Identified the short sword of Valuable Assets {pain, rN+} (You found it on level 1 of the Lair of Beasts)
 15862 | Lair:1   | Reached XP level 12. HP: 60/60 MP: 24/30
 16288 | Lair:1   | Reached skill level 1 in Evocations
 17450 | Lair:2   | Offered knowledge of Sticky Flame by Vehumet.
 17509 | Lair:2   | Noticed an eight-headed hydra
 17518 | Lair:2   | Killed an eight-headed hydra
 17631 | Lair:2   | Reached skill level 5 in Armour
 17791 | Lair:2   | Got a faintly glowing quarterstaff
 17793 | Lair:2   | Identified the quarterstaff of Compound Interest {flame, rElec Dex+1} (You found it on level 2 of the Lair of Beasts)
 18935 | Lair:3   | Noticed an eight-headed hydra
 18939 | Lair:3   | Killed an eight-headed hydra
 19094 | Lair:3   | Reached skill level 14 in Earth Magic
 20225 | Lair:4   | Found a staircase to the Swamp.
 20225 | Lair:4   | Noticed a seven-headed hydra
 20234 | Lair:4   | Noticed Harold
 20325 | Lair:4   | Killed Harold
 20328 | Lair:4   | Killed a seven-headed hydra
 20328 | Lair:4   | Reached XP level 13. HP: 52/64 MP: 5/32
 20589 | Lair:4   | Offered knowledge of Bolt of Fire by Vehumet.
 21107 | Lair:4   | Found a hole to the Spider Nest.
 22495 | Lair:5   | Reached skill level 15 in Earth Magic
 22810 | Lair:5   | Offered knowledge of Fireball by Vehumet.
 24400 | Lair:6   | Reached skill level 10 in Conjurations
 25453 | Lair:7   | Found a staircase to the Slime Pits.
 25454 | Lair:7   | Found a viscous altar of Jiyva.
 26169 | Lair:7   | Gained mutation: Your wings are large and strong. [gargoyle growth]
 26169 | Lair:7   | Reached XP level 14. HP: 69/69 MP: 21/34
 26448 | Lair:8   | Entered Level 8 of the Lair of Beasts
 26732 | Lair:8   | Reached skill level 16 in Earth Magic
 28690 | Lair:8   | Offered knowledge of Delayed Fireball by Vehumet.
 29118 | Lair:8   | Learned a level 3 spell: Regeneration
 29123 | Lair:8   | Learned a level 4 spell: Condensation Shield
 29131 | Lair:8   | Learned a level 7 spell: Orb of Destruction
 29495 | Orc:1    | Entered Level 1 of the Orcish Mines
 29927 | Orc:2    | Noticed Urug
 30091 | Orc:1    | Noticed Duvessa
 30095 | Orc:1    | Killed Duvessa
 30096 | Orc:1    | Noticed Dowan
 30100 | Orc:1    | Killed Dowan
 30244 | Orc:1    | Noticed Joseph
 30248 | Orc:1    | Killed Joseph
 30606 | Orc:1    | Found Plog's Magic Scroll Shop.
 31204 | Orc:1    | Killed Urug
 31601 | Orc:3    | Noticed Donald
 31846 | Orc:3    | Offered knowledge of Bolt of Draining by Vehumet.
 32413 | Orc:3    | Killed Donald
 32598 | Orc:4    | Entered Level 4 of the Orcish Mines
 32677 | Orc:4    | Noticed Josephine
 32680 | Orc:4    | Killed Josephine
 32770 | Orc:4    | Found a staircase to the Elven Halls.
 32788 | Orc:4    | Noticed Maurice
 32791 | Orc:4    | Killed Maurice
 33035 | Orc:4    | Noticed Erica
 33049 | Orc:4    | Killed Erica
 33689 | Orc:4    | Noticed an orc warlord
 33947 | Orc:4    | Killed an orc warlord
 34522 | Orc:4    | Reached XP level 15. HP: 77/77 MP: 28/36
 34541 | Orc:4    | Offered knowledge of Ozocubu's Refrigeration by Vehumet.
 34770 | Orc:4    | Reached skill level 17 in Earth Magic
 35393 | Orc:4    | Reached skill level 5 in Fighting
 35695 | Orc:4    | Found Pliaqay's Magic Scroll Shop.
 35695 | Orc:4    | Found Ujur's Weapon Shop.
 35696 | Orc:4    | Found Pezei's General Store.
 35706 | Orc:4    | Found Ghittul's Magic Scroll Emporium.
 35715 | Orc:4    | Bought a scroll of acquirement for 676 gold pieces
 36089 | D:12     | Reached skill level 15 in Spellcasting
 37328 | D:13     | Found Uteh's Pet Rocks.
 37435 | D:13     | Found a burning altar of Makhleb.
 37505 | D:13     | Found a flickering gateway to a bazaar.
 37511 | Bazaar   | Entered a bazaar
 37513 | Bazaar   | Found Fruxoso's General Store.
 37516 | Bazaar   | Found Contaibu's Food Boutique.
 37517 | Bazaar   | Found Jouciepa's Distillery.
 37517 | Bazaar   | Found Phara's Magical Wand Boutique.
 37548 | Bazaar   | Bought a wand of heal wounds (3) for 420 gold pieces
 37551 | Bazaar   | Bought a wand of teleportation (4) for 240 gold pieces
 37560 | Bazaar   | Bought a potion of brilliance for 37 gold pieces
 37762 | D:13     | Noticed zdzicho121's ghost (powerful MiFi)
 38592 | D:14     | Entered Level 14 of the Dungeon
 38927 | Orc:1    | Bought a scroll of identify for 24 gold pieces
 38927 | Orc:1    | Bought a scroll of identify for 24 gold pieces
 38927 | Orc:1    | Bought a scroll of identify for 24 gold pieces
 38927 | Orc:1    | Bought a scroll of identify for 24 gold pieces
 38927 | Orc:1    | Bought a scroll of identify for 24 gold pieces
 39199 | Spider:1 | Entered Level 1 of the Spider Nest
 39202 | Spider:1 | Noticed Nikola
 39205 | Spider:1 | Reached skill level 1 in Charms
 39209 | Spider:1 | Killed Nikola
 39444 | Spider:1 | Reached skill level 1 in Necromancy
 40233 | Spider:1 | Got a shimmering hand axe
 40235 | Spider:1 | Identified the hand axe of Demand {holy, Dex+2} (You found it on level 1 of the Spider Nest)
 40720 | Spider:2 | Offered knowledge of Bolt of Cold by Vehumet.
 40964 | Spider:2 | Noticed Arachne
 40969 | Spider:2 | Killed Arachne
 41251 | Spider:2 | Reached skill level 18 in Earth Magic
 41738 | Spider:2 | Noticed Roxanne
 41742 | Spider:2 | Killed Roxanne
 41895 | Spider:2 | Learned a level 9 spell: Shatter
 42054 | Spider:2 | Reached XP level 16. HP: 86/86 MP: 22/37
 43625 | Spider:4 | Got a pitted long sword
 43629 | Spider:3 | Identified the cursed long sword of the Blowfly {slice, Dex+3} (You found it on level 4 of the Spider Nest)
 43675 | Spider:4 | Offered knowledge of Lehudib's Crystal Spear by Vehumet.
 43675 | Spider:4 | Offered knowledge of Ice Storm by Vehumet.
 43675 | Spider:4 | Offered knowledge of Tornado by Vehumet.
 43969 | Spider:4 | Reached skill level 19 in Earth Magic
 45052 | Spider:5 | Entered Level 5 of the Spider Nest
 45293 | Spider:5 | Reached skill level 1 in Shields
 45478 | Spider:5 | Reached skill level 1 in Staves
 46238 | Spider:5 | Reached skill level 5 in Shields
 47164 | Spider:5 | Reached skill level 20 in Earth Magic
 47962 | Spider:5 | Slain by a trapdoor spider

Action                   |  1- 3 |  4- 6 |  7- 9 | 10-12 | 13-15 | 16-18 || total
-------------------------+-------+-------+-------+-------+-------+-------++-------
Melee: Unarmed           |     8 |       |       |       |       |       ||     8
       Dagger            |    49 |    36 |    53 |    49 |       |       ||   187
       Short sword       |       |       |       |    31 |       |       ||    31
       Staff             |       |       |       |    50 |   120 |   103 ||   273
 Cast: Sandblast         |    61 |    86 |   112 |   119 |    11 |       ||   389
       Stone Arrow       |       |       |   145 |   312 |   805 |   383 ||  1645
       Lee's Rapid Decon |       |       |       |    33 |    77 |    24 ||   134
       Iskenderun's Myst |       |       |       |    27 |    50 |    13 ||    90
       Iron Shot         |       |       |       |    10 |    78 |       ||    88
       Orb of Destructio |       |       |       |       |    29 |     1 ||    30
       Regeneration      |       |       |       |       |     3 |     2 ||     5
 Abil: Fly               |       |       |       |       |     1 |       ||     1
Evoke: Wand              |       |       |     2 |     7 |    10 |     4 ||    23
  Use: Scroll            |       |       |    10 |    16 |    27 |     7 ||    60
       Potion            |       |       |       |     1 |     5 |     2 ||     8
 Stab: Sleeping          |       |     1 |       |     2 |     1 |       ||     4
